 Dungeon Crawl Stone Soup version 0.25-a0-341-g6f074c887a (webtiles) character file.

606724 AIAndy the Rapturous (level 27, -15/160 HPs)
             Began as a Vine Stalker Fighter on Jan 3, 2019.
             Was a Follower of Uskayaw.
             Killed from afar by a quicksilver dragon (21 damage)
             ... with a bolt of dispelling energy
             ... summoned by a purple draconian
             ... on level 3 of the Realm of Zot on Dec 30, 2019.
             The game lasted 07:22:31 (53629 turns).

AIAndy the Rapturous (Vine Stalker Fighter)        Turns: 53629, Time: 07:22:32

Health: -15/160    AC: 47    Str: 27    XL:     27
Magic:  0/39       EV: 11    Int:  5    God:    Uskayaw [*.....]
Gold:   8865       SH: 41    Dex: 18    Spells: 21/34 levels left

rFire    + + .     SeeInvis .   b - +7 captain's cutlass {speed, disarm}
rCold    + + .     Gourm    .   J - +10 large shield of Ignorance {rN+ Int-4}
rNeg     + + .     Faith    .   c - +12 gold dragon scales
rPois    +         Spirit   +   V - +2 hat
rElec    +         Reflect  +   j - +2 cloak {MR+}
rCorr    .         Harm     .   Y - +0 pair of gloves of Freedom {rF+ rN+}
MR       +++++                  X - +2 pair of boots
Stlth    ..........             s - +6 amulet of reflection
HPRegen  1.16/turn              F - ring of the Meadowlark {rElec rC+ MR+ EV+4}
MPRegen  0.26/turn              O - +5 ring of protection

@: lethally poisoned (-15 -> -15), lightly drained
A: fangs 3, poison resistance, regeneration 2, magic shield, antimagic bite, no
potion heal 3, rot immunity
}: 3/15 runes: serpentine, barnacled, silver
a: Stomp, Renounce Religion


You were on level 3 of the Realm of Zot.
You worshipped Uskayaw.
Uskayaw was greatly pleased with you.
You were near starving.

You visited 10 branches of the dungeon, and saw 48 of its levels.
You also visited: Gauntlet and Volcano.

You collected 11822 gold pieces.
You spent 2957 gold pieces at shops.


Innate Abilities, Weirdness & Mutations

You have razor-sharp teeth.
You heal very quickly.
When hurt, damage is shared between your health and your magic reserves.
Your bite disrupts and absorbs the magic of your enemies.
Potions cannot restore your health.
You are immune to rotting.
Your system is resistant to poisons. (rPois)


   Skills:
 + Level 21.6(21.3) Fighting
 - Level 14.0(13.8) Short Blades
 - Level 5.0(4.9) Maces & Flails
 - Level 3.0(2.8) Throwing
 - Level 14.0(13.8) Armour
 - Level 3.0(2.8) Dodging
 - Level 12.0(11.8) Stealth
 + Level 21.6(21.4) Shields
 - Level 4.1(3.9) Spellcasting
 - Level 2.2(2.0) Translocations
 + Level 22.8(22.6) Invocations
 - Level 3.0(2.8) Evocations


You had 21 spell levels left.
You knew the following spells:

 Your Spells              Type           Power        Failure   Level  Hunger
a - Apportation           Tloc           #.....       99%         1    ##.....
e - Passwall              Tmut/Erth      #.......     100%        2    ###....
i - Regeneration          Chrm/Necr      #.........   100%        3    ####...
u - Aura of Abjuration    Summ           #.........   100%        5    ######.
I - Blink                 Tloc           N/A          100%        2    ###....

Your spell library contained the following spells:

 Spells                   Type           Power        Failure   Level  Hunger
 Animate Skeleton         Necr           N/A          100%        1    ##.....
 Beastly Appendage        Tmut           #.....       100%        1    ##.....
 Confusing Touch          Hex            #.....       100%        1    ##.....
 Corona                   Hex            #......      100%        1    ##.....
 Foxfire                  Conj/Fire      #...         100%        1    ##.....
 Magic Dart               Conj           #...         100%        1    ##.....
 Pain                     Necr           #...         100%        1    ##.....
 Sandblast                Erth           #.....       100%        1    ##.....
 Shock                    Conj/Air       #...         100%        1    ##.....
 Sting                    Tmut/Pois      #...         100%        1    ##.....
 Summon Small Mammal      Summ           #...         100%        1    ##.....
 Call Imp                 Summ           #.......     100%        2    ###....
 Corpse Rot               Necr/Air       N/A          100%        2    ###....
 Ensorcelled Hibernation  Hex/Ice        #.....       100%        2    ###....
 Poisonous Vapours        Pois/Air       #.....       100%        2    ###....
 Shroud of Golubria       Chrm/Tloc      #.....       100%        2    ###....
 Slow                     Hex            #.......     100%        2    ###....
 Sticks to Snakes         Tmut           #.......     100%        2    ###....
 Sublimation of Blood     Necr           #.........   100%        2    ###....
 Swiftness                Chrm/Air       #.......     100%        2    ###....
 Confuse                  Hex            #.......     100%        3    ####...
 Conjure Flame            Conj/Fire      #.......     100%        3    ####...
 Dazzling Flash           Conj/Hex       #.....       100%        3    ####...
 Ignite Poison            Fire/Tmut/Pois #.......     100%        3    ####...
 Inner Flame              Hex/Fire       #.......     100%        3    ####...
 Mephitic Cloud           Conj/Pois/Air  #.......     100%        3    ####...
 Recall                   Summ/Tloc      N/A          100%        3    ####...
 Spider Form              Tmut/Pois      #.........   100%        3    ####...
 Static Discharge         Conj/Air       #.......     100%        3    ####...
 Stone Arrow              Conj/Erth      #.....       100%        3    ####...
 Tukima's Dance           Hex            #.......     100%        3    ####...
 Vampiric Draining        Necr           #.........   100%        3    ####...
 Airstrike                Air            #.........   100%        4    #####..
 Animate Dead             Necr           N/A          100%        4    #####..
 Cause Fear               Hex            #.........   100%        4    #####..
 Ice Form                 Ice/Tmut       #.......     100%        4    #####..
 Leda's Liquefaction      Hex/Erth       #.........   100%        4    #####..
 Olgreb's Toxic Radiance  Pois           #.......     100%        4    #####..
 Petrify                  Tmut/Erth      #.......     100%        4    #####..
 Sticky Flame             Conj/Fire      #.......     100%        4    #####..
 Agony                    Necr           #.......     100%        5    ######.
 Alistair's Intoxication  Tmut/Pois      #.......     100%        5    ######.
 Blade Hands              Tmut           #.........   100%        5    ######.
 Bolt of Magma            Conj/Fire/Erth #.........   100%        5    ######.
 Borgnjor's Vile Clutch   Necr/Erth      #.........   100%        5    ######.
 Dispel Undead            Necr           #.......     100%        5    ######.
 Excruciating Wounds      Chrm/Necr      #.........   100%        5    ######.
 Fireball                 Conj/Fire      #.........   100%        5    ######.
 Irradiate                Conj/Tmut      #.........   100%        5    ######.
 Iskenderun's Battlesphe  Conj/Chrm      #.......     100%        5    ######.
 Lee's Rapid Deconstruct  Erth           #.........   100%        5    ######.
 Lightning Bolt           Conj/Air       #.........   100%        5    ######.
 Metabolic Englaciation   Hex/Ice        #.........   100%        5    ######.
 Silence                  Hex/Air        #.........   100%        5    ######.
 Summon Forest            Summ/Tloc      #.........   100%        5    ######.
 Summon Mana Viper        Hex/Summ       #.......     100%        5    ######.
 Darkness                 Hex            #.........   100%        6    #######
 Freezing Cloud           Conj/Ice/Air   #.........   100%        6    #######
 Hydra Form               Tmut           #.........   100%        6    #######
 Iron Shot                Conj/Erth      #.........   100%        6    #######
 Ozocubu's Refrigeration  Ice            #.........   100%        6    #######
 Shadow Creatures         Summ           N/A          100%        6    #######
 Simulacrum               Ice/Necr       #.........   100%        6    #######
 Starburst                Conj/Fire      #.........   100%        6    #######
 Statue Form              Tmut/Erth      #........    100%        6    #######
 Dragon Form              Tmut           #.........   100%        7    #######
 Malign Gateway           Summ/Tloc      #.........   100%        7    #######
 Monstrous Menagerie      Summ           #.........   100%        7    #######
 Ring of Flames           Chrm/Fire      #.........   100%        7    #######
 Summon Greater Demon     Summ           #.........   100%        7    #######
 Summon Hydra             Summ           #.........   100%        7    #######
 Chain Lightning          Conj/Air       #.........   100%        8    #######
 Discord                  Hex            #.........   100%        8    #######
 Lehudib's Crystal Spear  Conj/Erth      #.........   100%        8    #######
 Summon Horrible Things   Summ           #.........   100%        8    #######
 Dragon's Call            Summ           #.........   100%        9    #######
 Fire Storm               Conj/Fire      #.........   100%        9    #######
 Glaciate                 Conj/Ice       #.........   100%        9    #######
 Shatter                  Erth           #.........   100%        9    #######

Inventory:

Hand Weapons
 b - the +7 captain's cutlass (weapon) {speed, disarm}
   (You acquired it on level 15 of the Dungeon)

   Attacks with this weapon are significantly faster.
 p - the +8 whip "Snakebite" {curare, rPois, =f}
   (You found it on level 1 of the Lair of Beasts)

   It poisons the flesh of those it strikes.
   It protects you from poison.
 x - a +3 double sword of flaming
Missiles
 h - 35 javelins
 m - 3 throwing nets {=f}
 E - 9 silver javelins
 P - 18 javelins (quivered)
 S - 25 javelins
Armour
 c - +12 gold dragon scales (worn)
 j - a +2 cloak of magic resistance (worn)
 J - the +10 large shield of Ignorance (worn) {rN+ Int-4}
   (You found it on level 2 of the Orcish Mines)

   It affects your intelligence (-4).
   It protects you from negative energy.
 V - a +2 hat (worn)
 X - a +2 pair of boots (worn)
 Y - the +0 pair of gloves of Freedom (worn) {rF+ rN+}
   (You found it on level 5 of the Vaults)

   It protects you from fire.
   It protects you from negative energy.
Jewellery
 a - the ring "Kujan" {rF++ rCorr}
   (You bought it in a shop on level 1 of the Elven Halls)

   [ring of resist corrosion]

   It greatly protects you from fire.
   It provides partial protection from all sources of acid and corrosion.
 g - an uncursed amulet of regeneration
 s - a +6 amulet of reflection (around neck)
 v - the ring of Ytenucw {rF+ rC+ Dex+2 SInv}
   (You took it off a deep elf annihilator on level 3 of the Elven Halls)

   [ring of see invisible]

   It affects your dexterity (+2).
   It protects you from fire.
   It protects you from cold.
   It lets you see invisible.
 F - the ring of the Meadowlark (left hand) {rElec rC+ MR+ EV+4}
   (You took it off a deep elf elementalist on level 3 of the Elven Halls)

   [ring of evasion]

   It affects your evasion (+4).
   It protects you from cold.
   It insulates you from electricity.
   It affects your resistance to hostile enchantments.
 L - an uncursed ring of flight
 O - a +5 ring of protection (right hand)
Wands
 e - a wand of iceblast (21)
 k - a wand of digging (17)
 q - a wand of acid (18)
 R - a wand of paralysis (45)
 W - a wand of clouds (20)
Scrolls
 l - 21 scrolls of teleportation {@r4}
 r - 7 scrolls of immolation {!r}
 t - 7 scrolls of identify {@r1}
 u - 24 scrolls of remove curse {@r2}
 w - 6 scrolls of blinking
 y - 6 scrolls of fear
 H - a scroll of summoning
 M - a scroll of enchant armour
 N - 4 scrolls of magic mapping
 Q - 2 scrolls of fog
Potions
 d - 2 potions of might
 i - 24 potions of curing {@q1}
 n - 8 potions of haste {@q3}
 z - 3 potions of resistance
 A - 4 potions of cancellation
 B - 6 potions of agility
 D - a potion of magic
 G - 3 potions of mutation {!q}
 I - 2 potions of brilliance
 K - 5 potions of ambrosia
 U - a potion of berserk rage {!q}
 Z - 2 potions of invisibility
Miscellaneous
 o - a lamp of fire
 T - 2 phantom mirrors
Comestibles
 f - 97 rations {@e1}
 C - 11 chunks of flesh

Dungeon Overview and Level Annotations

Branches:
Dungeon (15/15)            Temple (1/1) D:4            Lair (6/6) D:9
 Shoals (4/4) Lair:2        Snake (4/4) Lair:4        Slime (0/5) Lair:5
    Orc (2/2) D:11            Elf (3/3) Orc:2        Vaults (5/5) D:13
  Crypt (0/3) Vaults:3     Depths (5/5) D:15            Zot (2/5) Depths:5

Altars:
Ashenzari
Cheibriados
Dithmenos
Elyvilon
Fedhas
Gozag
Hepliaklqana
Kikubaaqudgha
Makhleb
Nemelex Xobeh
Okawaru
Qazlal
Ru
Sif Muna
Trog
Uskayaw
Vehumet
Wu Jian
Xom
Yredelemnul
Zin
The Shining One
Beogh

Shops:
D:6 [   D:7 %   D:9 %   D:11 }   D:12 *   D:14 [   D:15 :[   Orc:2 %=}[
Elf:1 =   Vaults:3 :   Vaults:4 *   Depths:3 =}}   Depths:5 [

Portals:
Hell: Lair:6 Depths:1 Depths:2 Depths:3 Depths:4 Depths:5
Abyss: Depths:2 Depths:5
Pandemonium: Depths:3 Depths:4
Ziggurat: Depths:5
Trove: D:11 (show abyssal rune of Zot)

Annotations:
Orc:2 1 runed door, exclusion: 4 orange crystal statues
Depths:1 exclusions: orange crystal statue and 3 more exclusions
Depths:4 exclusion: orange crystal statue

##..†...#..#
##.d.)..##..▓
##.{.)..##..▓▓
##.qd....#..▓▓▓
##.q..)..##.▓▓▓.
##§§d[)..##..▓▓.}
##§Dd[)[.##..▓▓▓▓▓
##§§§D)####....▓▓..
##§@§§§.##...▓...▓▓.
#..#§§.##..▓▓▓▓...▓▓
#......#...▓▓▓▓▓▓...▓
#.#...#....▓▓▓.▓.▓▓...
#.....#...▓▓▓..▓..▓▓.▓
#...#...(▓▓.!)'......
##..##...▓▓▓▓.▓.▓▓.▓.
##. #...▓▓...+......
....▓▓▓.)▓..▓▓.▓


You could see a quicksilver dragon.


Message History

The yellow draconian monk throws acid at you.
The glob of acid hits you!
* * * LOW HITPOINT WARNING * * *
You are splashed with acid!
* * * LOW HITPOINT WARNING * * *
The purple draconian breathes dispelling energy at you.
The bolt of dispelling energy misses you.
You feel sick.
You can no longer pass through a line of other dancers.
You see here a green draconian corpse.
You feel sick.
The yellow draconian monk looks more energetic.
You feel sick.
The black draconian seems less confused.
The yellow draconian monk throws acid at you.
The glob of acid hits you but does no damage.
The acid corrodes you!
You are splashed with acid!
* * * LOW HITPOINT WARNING * * *
The purple draconian breathes dispelling energy at you.
The bolt of dispelling energy hits you!!
Your magical effects are unravelling.
* * * LOW HITPOINT WARNING * * *
As you read the scroll of fog, it crumbles to dust.
The scroll dissolves into smoke.
You are no longer corroded.
You feel sick.
You feel sick.
The quicksilver dragon breathes dispelling energy at you.
The bolt of dispelling energy hits you!!
You die...

Skill      XL: |  1  2  3  4  5  6  7  8  9 10 11 12 13 14 15 16 17 18 19 20 21 22 23 24 25 26 27 |
---------------+----------------------------------------------------------------------------------+-----
Short Blades   | 2 3 4 6 9 11 12 13 14 | 14.0
Fighting       | 3 4 5 6 7 9 10 11 12 13 14 15 16 17 18 19 20 21 | 21.6
Shields        | 3 4 5 6 7 9 10 11 12 13 14 15 16 17 18 19 20 21 | 21.6
Invocations    | 2 5 6 8 10 11 12 13 14 15 16 17 18 19 20 21 22 | 22.8
Maces & Flails | 2 5 |  5.0
Armour         | 3 5 6 7 8 9 10 11 12 13 14 | 14.0
Spellcasting   | 4 |  4.1
Translocations | 2 |  2.2
Stealth        | 5 8 10 12 | 12.0
Dodging        | 3 |  3.0
Throwing       | 3 |  3.0
Evocations     | 3 |  3.0

Action                   |  1- 3 |  4- 6 |  7- 9 | 10-12 | 13-15 | 16-18 | 19-21 | 22-24 | 25-27 || total
-------------------------+-------+-------+-------+-------+-------+-------+-------+-------+-------++-------
Melee: Rapier            |   108 |       |       |       |       |       |       |       |       ||   108
       Bite              |    25 |    54 |    77 |   232 |   623 |   718 |   714 |   890 |   854 ||  4187
       Dagger            |     4 |   160 |    47 |     2 |       |       |       |       |       ||   213
       Hand axe          |       |       |    84 |     8 |       |       |       |       |       ||    92
       Morningstar       |       |       |   147 |   543 |       |       |       |       |       ||   690
       Whip              |       |       |       |   100 |  1331 |   188 |     7 |       |       ||  1626
       Double sword      |       |       |       |       |    37 |       |    76 |       |       ||   113
       Cutlass           |       |       |       |       |       |  1227 |  1541 |  1793 |  1702 ||  6263
 Fire: Hunting sling     |       |       |       |    44 |   135 |    14 |       |       |       ||   193
Throw: Stone             |       |       |       |       |       |     4 |       |       |       ||     4
       Javelin           |       |       |       |       |       |       |     7 |     2 |       ||     9
 Cast: Apportation       |       |       |       |       |     2 |       |       |       |       ||     2
Invok: Line Pass         |       |       |     2 |     1 |     4 |     2 |     1 |     4 |     7 ||    21
       Stomp             |       |       |       |     1 |     1 |       |       |       |     5 ||     7
       Grand Finale      |       |       |       |       |     2 |     3 |     3 |     7 |     7 ||    22
Evoke: Wand              |       |       |     3 |       |     2 |       |     4 |       |       ||     9
       Lamp of fire      |       |       |       |       |       |       |     1 |       |       ||     1
  Use: Scroll            |       |    10 |     1 |     5 |    13 |     7 |    12 |    14 |     9 ||    71
       Potion            |       |       |       |     1 |     1 |     6 |     3 |     1 |       ||    12
 Stab: Paralysed         |       |       |     6 |    39 |   122 |   109 |   112 |   123 |   107 ||   618
       Petrified         |       |       |       |       |       |     1 |       |       |       ||     1
       Confused          |       |       |       |       |       |       |       |     5 |     1 ||     6
       Distracted        |       |       |       |       |       |       |       |       |     1 ||     1
  Eat: Chunk             |     3 |     5 |     8 |    17 |    26 |    22 |    25 |    19 |    29 ||   154
       Ration            |       |       |     1 |     1 |     3 |     2 |     2 |     3 |     1 ||    13
Armor: Scale mail        |    35 |    19 |       |       |       |       |       |       |       ||    54
       Plate armour      |       |    30 |   117 |   332 |   159 |   415 |   289 |    22 |       ||  1364
       Chain mail        |       |       |       |     9 |   314 |       |       |       |       ||   323
       Gold dragon scale |       |       |       |       |       |       |       |   253 |   314 ||   567
Dodge: Dodged            |    35 |    22 |    32 |    90 |   196 |    71 |    44 |    64 |   121 ||   675
Block: Shield            |    45 |    52 |   261 |   679 |  1154 |       |       |       |       ||  2191
       Reflection        |       |       |     7 |    13 |    46 |   235 |    69 |    83 |    63 ||   516
       Large shield      |       |       |       |       |    68 |  1732 |  1313 |  1259 |  1172 ||  5544

Levels and vault maps discovered:
D:1:      nagdon_arrival_double_spiral, chequers_serial_rivers_marsh,
          minmay_small_reverse_x
D:2:      gammafunk_temple_overflow_statue, first_ration, trog_book
D:3:      chequers_temple_overflow_statue_of_worship, minmay_misc_feat_alley,
          st_stairs_4, grunt_dithmenos_smoke, uniq_sigmund
D:4:      temple_doors_e
D:5:      zin_statuary, uniq_edmund
D:6:      serial_shops, nicolae_shop_crystal, nicolae_qazlal_style_of_elements
D:7:      led_sif_pool, serial_shops, nicolae_shop_crystal, uniq_harold
D:8:      nemelex_xobeh_ov_fountains_minmay, blue_anna_alchemist,
          kennysheep_dice
D:9:      old_standard_altar, fiery_altar_vehumet, nicolae_ashenzari_panopticon,
          due_lair_maze_entry_diamond, serial_shops, shop,
          introduction_to_nature_1
D:10:     minmay_polygon_palace, serial_corexii_hall,
          chequers_hall_statues_wall_a, corexii_hall_statues_l
D:11:     orc_0_dummy, serial_shops, shop, enter_trove_6
D:12:     gauntlet_entry_generic, serial_shops, shop, lemuel_statue_altar
D:13:     ximxim_vaults_locker_room, minmay_misc_feat_tiny, uniq_kirke
D:14:     minmay_imperfect_grid, hex_medium, serial_shops, nicolae_shop_stone,
          uniq_frances
D:15:     grunt_enter_depths_snipers, serial_shops, shop, shop_statue,
          hangedman_decor_slide_cut, yredelemnul_altar_generic
Temple:   minmay_temple_forest_path
Lair:1:   minmay_guarded_unrand_snakebite, grunt_megastairs_1, uniq_gastronok
Lair:2:   minmay_shoals_entry_centaurs, lightli_volcano_entry_magma_tube,
          uniq_erica
Lair:3:   columned_hall_lemuel, uniq_urug
Lair:4:   minmay_snake_entry_six_corridors, uniq_sonja
Lair:5:   minmay_slime_entry_pillars, grunt_megastairs_5, lemuel_fruit_tree,
          uniq_nessos
Lair:6:   evil_forest, serial_bayou_shore_b, lemuel_fruit_fields,
          lemuel_fruit_fields
Shoals:2: cheibrodos_shoals_baths, nicolae_shoals_undead_eyrie, uniq_polyphemus
Shoals:3: ebering_ghost_rock_garden
Shoals:4: shoals_end_hangedman, nicolae_shoals_water_shrine
Snake:1:  basic_altar, st_stairs_5
Snake:2:  serial_bayou_shore_b
Snake:3:  ebering_ghost_xom, uniq_azrael
Snake:4:  snake_pit, spider_trap
Orc:2:    st_orc_open, basic_altar, chequers_guarded_unrand_ignorance,
          uniq_maurice
Elf:1:    serial_shops, nicolae_shop_temple_entry_statues_fountains,
          hangedman_elf_disciples, nicolae_elf_big_sculpture_1
Elf:2:    grunt_ministairs_3, uniq_roxanne
Elf:3:    minmay_elf_hall_furrowed
Vaults:1: grunt_vaults_swirl, vaults_room_door_ring,
          hangedman_vaults_corner_blocks, vaults_dpeg_diagonal,
          hangedman_vaults_stream, nicolae_vaults_network_periphery, kb_rosetta,
          hangedman_vaults_trim, grunt_vaults_funnel, ontoclasm_vaults_tryst,
          ontoclasm_vaults_twist, nicolae_vaults_diagonal_hallway_8,
          v_alt_pattern_4, vaults_mumra_minichess_inversion, v_misc_22,
          nicolae_vaults_theta, vaults_dpeg_cross
Vaults:2: ontoclasm_vaults_ligature, nicolae_vaults_puzzle_piece,
          nicolae_vaults_little_squares_2, vaults_dpeg_ring,
          nicolae_vaults_little_squares_6, v_misc_23, v_misc_24, v_rooms_5,
          hangedman_vaults_nails, nicolae_vaults_shelves_hall, v_alt_pattern_5,
          nicolae_vaults_bisected_slash, nicolae_vaults_gold_heap,
          special_room_vaults
Vaults:3: minmay_crypt_entry_simple_corners, v_misc_30,
          ontoclasm_vaults_misaligned, nicolae_vaults_back_hallway,
          grunt_vaults_twisty, v_misc_23, nicolae_vaults_puzzle_piece,
          v_misc_28, nicolae_vaults_little_squares_3, ontoclasm_vaults_hangar,
          serial_shops, nicolae_shop_crystal, uniq_mennas, uniq_sojobo
Vaults:4: v_rooms_5, vaults_room_stairs_pillars, hangedman_vaults_pinch,
          nicolae_vaults_ninety_degrees, v_misc_14, ontoclasm_vaults_idyll,
          ontoclasm_vaults_gateway, v_misc_1, nicolae_vaults_statue_guard,
          hangedman_vaults_cutoff, hangedman_vaults_slice, vaults_room_pools,
          serial_shops, shop
Vaults:5: serial_shops, uniq_boris
Depths:1: hellmouth_1, nicolae_twisting_strands, minmay_misc_feat_square,
          hangedman_decor_points, minmay_protected_statue
Depths:2: hangedman_arch_fort, roderic_lattice_a, grunt_mini_vestibule,
          abyss_entry, kennysheep_random_hallway
Depths:3: minmay_the_grid_square_5x5_5x5, minmay_misc_feat_four_crosses,
          pf_vacation_house_of_asmodeus, grunt_pan_entry_zigzag,
          infiniplex_staircase_door_maze, minmay_shop_grove, uniq_margery
Depths:4: lemuel_river_lethe, pan_entry, abyss_entry, hell_entry
Depths:5: lemuel_castle_with_subvaults, enter_ziggurat_b,
          minmay_room_of_horrors, pf_hell_entry_tar_spiral, serial_shops,
          nicolae_shop_trees, minmay_misc_feat_ornament
Zot:1:    layout_gridville
Zot:2:    lemuel_firehouse, layout_onion
Zot:3:    hangedman_zot_vaults_quadrants, layout_onion_interference,
          grunt_ministairs_11

Notes
Turn   | Place    | Note
-------+----------+-------------------------------------------
     0 | D:1      | AIAndy the Vine Stalker Fighter began the quest for the
                  | Orb.
     0 | D:1      | Reached XP level 1. HP: 11/11 MP: 2/2
   338 | D:1      | Reached skill level 2 in Short Blades
   343 | D:1      | Reached XP level 2. HP: 15/16 MP: 3/3
   803 | D:2      | Reached skill level 3 in Fighting
   803 | D:2      | Reached skill level 3 in Shields
   804 | D:2      | Reached XP level 3. HP: 20/20 MP: 4/4
  1585 | D:2      | Found a burning altar of Makhleb.
  1585 | D:2      | Found an opulent altar of Gozag.
  1660 | D:2      | Found a bloodstained altar of Trog.
  1935 | D:3      | Gained mutation: Your natural rate of healing is unusually
                  | fast. [Vine Stalker growth]
  1935 | D:3      | Reached XP level 4. HP: 21/24 MP: 5/5
  1993 | D:3      | Found a shadowy altar of Dithmenos.
  2033 | D:3      | Reached skill level 3 in Short Blades
  2037 | D:3      | Reached XP level 5. HP: 28/28 MP: 6/6
  2506 | D:3      | Found a white marble altar of Elyvilon.
  2506 | D:3      | Found a snail-covered altar of Cheibriados.
  2506 | D:3      | Noticed Sigmund
  2516 | D:3      | Killed Sigmund
  2516 | D:3      | Reached skill level 4 in Fighting
  2516 | D:3      | Reached skill level 4 in Shields
  2516 | D:3      | Reached XP level 6. HP: 30/33 MP: 7/7
  3083 | D:4      | Reached skill level 4 in Short Blades
  3119 | D:4      | Found a staircase to the Ecumenical Temple.
  3124 | Temple   | Entered the Ecumenical Temple
  3329 | Temple   | Became a worshipper of Uskayaw the Reveler
  3635 | D:4      | Reached * piety under Uskayaw
  3766 | D:5      | Entered Level 5 of the Dungeon
  3827 | D:5      | Reached XP level 7. HP: 38/38 MP: 8/8
  4081 | D:5      | Identified the +0 ring mail "Ylivu" {Str+3} (You found it
                  | on level 5 of the Dungeon)
  4190 | D:5      | Noticed Edmund
  4248 | D:5      | Reached ** piety under Uskayaw
  4251 | D:5      | Killed Edmund
  4251 | D:5      | Reached skill level 1 in Invocations
  4363 | D:5      | Found a glowing silver altar of Zin.
  4746 | D:6      | Reached skill level 5 in Fighting
  4746 | D:6      | Reached skill level 5 in Shields
  4746 | D:6      | Reached skill level 2 in Invocations
  4748 | D:6      | Found Puoc's Antique Armour Boutique.
  4757 | D:6      | Bought a cloak for 108 gold pieces
  4794 | D:6      | Found a stormy altar of Qazlal.
  4796 | D:6      | Noticed an air elemental
  4797 | D:6      | Noticed a fire elemental
  4797 | D:6      | Noticed a water elemental
  4973 | D:6      | Gained mutation: You have razor-sharp teeth. [Vine Stalker
                  | growth]
  4973 | D:6      | Reached XP level 8. HP: 43/43 MP: 10/10
  5273 | D:6      | Reached skill level 3 in Invocations
  5287 | D:7      | Found Bugget's Food Emporium.
  5478 | D:7      | Noticed Harold
  5490 | D:7      | Reached *** piety under Uskayaw
  5495 | D:7      | Killed Harold
  5495 | D:7      | Reached skill level 6 in Fighting
  5495 | D:7      | Reached skill level 6 in Shields
  5495 | D:7      | Reached skill level 5 in Invocations
  5495 | D:7      | Reached XP level 9. HP: 46/49 MP: 13/13
  5734 | D:7      | Reached skill level 7 in Fighting
  5734 | D:7      | Reached skill level 7 in Shields
  5739 | D:7      | Reached **** piety under Uskayaw
  5745 | D:7      | Reached ***** piety under Uskayaw
  5910 | D:7      | Found a deep blue altar of Sif Muna.
  5992 | D:8      | Reached skill level 6 in Invocations
  6306 | D:8      | Found a sparkling altar of Nemelex Xobeh.
  6542 | D:8      | Reached XP level 10. HP: 56/56 MP: 15/15
  6763 | D:9      | Reached skill level 8 in Fighting
  6763 | D:9      | Reached skill level 8 in Shields
  6763 | D:9      | Reached skill level 7 in Invocations
  6785 | D:9      | Reached ****** piety under Uskayaw
  6836 | D:9      | Found a staircase to the Lair.
  6941 | D:9      | Reached skill level 8 in Invocations
  7050 | D:9      | Found a radiant altar of Vehumet.
  7059 | D:9      | Found a hazy altar of Hepliaklqana.
  7214 | D:9      | Found Xuphi's Food Shoppe.
  7284 | D:9      | Reached skill level 9 in Fighting
  7288 | D:9      | Reached skill level 9 in Shields
  7454 | D:9      | Found a shattered altar of Ashenzari.
  7536 | D:9      | Reached XP level 11. HP: 31/62 MP: 11/18
  8025 | D:9      | Found a blossoming altar of Fedhas.
  8209 | D:10     | Entered Level 10 of the Dungeon
  8245 | D:10     | Got a scorched lapis lazuli ring
  8256 | D:10     | Identified the ring of Moodiness {rF+ EV+3 Str-5 Stlth+}
                  | (You found it on level 10 of the Dungeon)
  8436 | D:10     | Reached skill level 9 in Invocations
  8461 | D:10     | Paralysed by a hornet for 1 turns
  8553 | D:10     | Killed an unseen horror
  9068 | D:11     | Reached skill level 10 in Fighting
  9073 | D:11     | Found Orissoesch's Gadget Shop.
  9081 | D:11     | Reached skill level 10 in Shields
  9320 | D:11     | Reached skill level 10 in Invocations
  9402 | D:11     | Killed an unseen horror
  9473 | D:11     | Gained mutation: You heal very quickly. [Vine Stalker
                  | growth]
  9473 | D:11     | Reached XP level 12. HP: 68/68 MP: 20/20
  9588 | D:11     | Found a staircase to the Orcish Mines.
  9750 | D:11     | Found a portal to a secret trove of treasure.
  9878 | Lair:1   | Entered Level 1 of the Lair of Beasts
 10241 | Lair:1   | Noticed a four-headed hydra
 10249 | Lair:1   | Killed a four-headed hydra
 10329 | Lair:1   | Noticed a seven-headed hydra
 10340 | Lair:1   | Killed a seven-headed hydra
 10571 | Lair:1   | Noticed Gastronok
 10590 | Lair:1   | Killed Gastronok
 10833 | Lair:1   | Reached skill level 11 in Fighting
 10833 | Lair:1   | Reached skill level 11 in Shields
 10867 | Lair:1   | Reached skill level 11 in Invocations
 10877 | Lair:1   | Found the +8 whip "Snakebite" {curare, rPois}
 11132 | Lair:2   | Found a dark tunnel.
 11140 | Volcano  | Entered a volcano
 11294 | Volcano  | Reached skill level 1 in Maces & Flails
 11297 | Volcano  | Reached skill level 3 in Armour
 11688 | Volcano  | Reached skill level 2 in Maces & Flails
 11689 | Volcano  | Found a radiant altar of Vehumet.
 11832 | Lair:2   | Reached XP level 13. HP: 67/74 MP: 22/22
 11914 | Lair:2   | Noticed Erica
 11926 | Lair:2   | Killed Erica
 12066 | Lair:2   | Found a staircase to the Shoals.
 12657 | Lair:3   | Reached skill level 4 in Armour
 12716 | Lair:3   | Reached skill level 3 in Maces & Flails
 12859 | Lair:3   | Identified the cursed +1 broad axe of Animal Spirits {pain,
                  | Str+5 Dex+2} (You found it on level 3 of the Lair of
                  | Beasts)
 13009 | Lair:3   | Noticed Urug
 13026 | Lair:3   | Killed Urug
 13575 | Lair:4   | Reached skill level 4 in Maces & Flails
 13580 | Lair:4   | Noticed Sonja
 13593 | Lair:4   | Killed Sonja
 13706 | Lair:4   | Found a staircase to the Snake Pit.
 13956 | Lair:4   | Reached skill level 5 in Armour
 14060 | Lair:4   | Reached skill level 12 in Invocations
 14162 | Lair:5   | Reached skill level 12 in Fighting
 14168 | Lair:5   | Reached skill level 12 in Shields
 14274 | Lair:5   | Noticed Nessos
 14282 | Lair:5   | Killed Nessos
 14282 | Lair:5   | Reached skill level 5 in Maces & Flails
 14306 | Lair:5   | Reached XP level 14. HP: 80/80 MP: 24/24
 14307 | Lair:5   | Found a staircase to the Slime Pits.
 15064 | Lair:6   | Entered Level 6 of the Lair of Beasts
 16004 | Lair:6   | Reached skill level 13 in Invocations
 16051 | Lair:6   | Found a burning altar of Makhleb.
 17083 | Lair:6   | Found a gateway to Hell.
 17375 | Orc:1    | Entered Level 1 of the Orcish Mines
 18015 | Orc:2    | Entered Level 2 of the Orcish Mines
 18039 | Orc:2    | Noticed Maurice
 18068 | Orc:2    | Killed Maurice
 18118 | Orc:2    | Reached skill level 13 in Fighting
 18135 | Orc:2    | Reached skill level 13 in Shields
 18236 | Orc:2    | Reached XP level 15. HP: 86/86 MP: 26/26
 18266 | Orc:2    | Found Ahak's Food Boutique.
 18413 | Orc:2    | Found a roughly hewn altar of Beogh.
 18462 | Orc:2    | Found Kumourr's Gadget Boutique.
 18463 | Orc:2    | Found Sidod's Armour Shoppe.
 18500 | Orc:2    | Found a runed door.
 18590 | Orc:2    | Found Tiuf's Jewellery Shop.
 18638 | Orc:2    | Found a runed door.
 18648 | Orc:2    | Found the +10 large shield of Ignorance {rN+ Int-4}
 18853 | Orc:2    | Found a staircase to the Elven Halls.
 18976 | Orc:2    | Noticed an orc warlord
 19047 | Orc:2    | Noticed an orc warlord
 19204 | Orc:2    | Learned a level 1 spell: Apportation
 19230 | Orc:2    | Bought a wand of acid (12) for 384 gold pieces
 19244 | Orc:2    | Bought the ring of Truth {*Drain rPois rC++ MR+} for 577
                  | gold pieces
 19320 | D:12     | Found a glowing golden altar of the Shining One.
 19344 | D:12     | Found a gate leading to a gauntlet.
 19360 | Gauntlet | Entered a Gauntlet
 19360 | Gauntlet | Found a transporter.
 19360 | Gauntlet | Found a transporter.
 19375 | Gauntlet | Found a transporter.
 19379 | Gauntlet | Found a transporter.
 19389 | Gauntlet | Found a transporter.
 19393 | Gauntlet | Found a transporter.
 19403 | Gauntlet | Found a transporter.
 19454 | Gauntlet | Found a transporter.
 19454 | Gauntlet | Found a transporter.
 19490 | Gauntlet | Found a transporter.
 19494 | Gauntlet | Found a transporter.
 19504 | Gauntlet | Found a transporter.
 19619 | Gauntlet | Reached skill level 1 in Spellcasting
 19619 | Gauntlet | Reached skill level 1 in Translocations
 19635 | Gauntlet | Got a pair of ancient boots
 19677 | Gauntlet | Got a brightly glowing sapphire amulet
 19718 | Gauntlet | Identified the +0 pair of boots "Ummahal" {Dex+4} (You
                  | found it in a Gauntlet)
 19750 | Gauntlet | Identified the +7 shortbow of the Soothsayer {flame, rC+}
 19931 | D:12     | Reached skill level 14 in Invocations
 19951 | D:12     | Found Xeeramon's General Store.
 19963 | D:12     | Bought a +0 pair of gloves for 58 gold pieces
 20022 | D:12     | Reached skill level 2 in Translocations
 20131 | D:12     | Reached skill level 2 in Spellcasting
 20842 | D:13     | Reached skill level 3 in Spellcasting
 20881 | D:13     | Noticed Kirke
 20893 | D:13     | Killed Kirke
 21026 | D:13     | Reached skill level 4 in Spellcasting
 21128 | D:13     | Found a gate to the Vaults.
 21863 | D:14     | Found Bemnaan's Armour Emporium.
 21871 | D:14     | Reached skill level 14 in Fighting
 21874 | D:14     | Reached skill level 14 in Shields
 22021 | D:14     | Reached XP level 16. HP: 93/93 MP: 27/27
 22292 | D:14     | Identified the amulet of the Falcon {Inacc Str+3 Dex+4}
                  | (You found it in a Gauntlet)
 22434 | D:14     | Noticed Frances
 22453 | D:14     | Killed Frances
 23022 | D:15     | Entered Level 15 of the Dungeon
 23093 | D:15     | Found a basalt altar of Yredelemnul.
 23101 | D:15     | Got a dazzling flail
 23141 | D:15     | Identified 2 scrolls of acquirement
 23142 | D:15     | Found the +7 captain's cutlass {speed, disarm}
 23201 | D:15     | Found Suyxeng's Armour Emporium.
 23712 | D:15     | Found Vuical's Book Shoppe.
 23746 | D:15     | Reached skill level 6 in Armour
 23790 | D:15     | Found a staircase to the Depths.
 24002 | Snake:1  | Entered Level 1 of the Snake Pit
 24121 | Snake:1  | Reached skill level 5 in Short Blades
 24249 | Snake:1  | Found a radiant altar of Vehumet.
 24749 | Snake:1  | Got a dazzling shield
 24912 | Snake:2  | Reached skill level 15 in Invocations
 24944 | Snake:2  | Reached skill level 6 in Short Blades
 25628 | Snake:3  | Noticed a nagaraja
 25639 | Snake:3  | Killed a nagaraja
 25639 | Snake:3  | Reached XP level 17. HP: 98/98 MP: 29/29
 25714 | Snake:3  | Reached skill level 1 in Stealth
 25727 | Snake:3  | Reached skill level 7 in Short Blades
 25772 | Snake:3  | Noticed Azrael
 25788 | Snake:3  | Killed Azrael
 25791 | Snake:3  | Reached skill level 2 in Stealth
 25798 | Snake:3  | Reached skill level 7 in Armour
 25818 | Snake:3  | Found a runed door.
 25818 | Snake:3  | Found a shimmering altar of Xom.
 25818 | Snake:3  | Noticed Yvac's ghost (adept TrFi)
 26236 | Snake:3  | Reached skill level 3 in Stealth
 26661 | Snake:4  | Entered Level 4 of the Snake Pit
 26688 | Snake:4  | Reached skill level 8 in Short Blades
 26747 | Snake:4  | Reached skill level 4 in Stealth
 26925 | Snake:4  | Reached skill level 15 in Fighting
 26958 | Snake:4  | Reached skill level 5 in Stealth
 26970 | Snake:4  | Reached skill level 15 in Shields
 27010 | Snake:4  | Reached skill level 9 in Short Blades
 27031 | Snake:4  | HP: 9/99 [naga sharpshooter/arrow (1)]
 27036 | Snake:4  | HP: 5/99 [poisoned by a naga mage (poison arrow)]
 27041 | Snake:4  | HP: 3/99 [poisoned by a nagaraja (splash of poison)]
 27046 | Snake:4  | HP: 3/99 [poisoned by a nagaraja (splash of poison)]
 27051 | Snake:4  | HP: 4/99 [poisoned by a nagaraja (splash of poison)]
 27056 | Snake:4  | HP: 6/99 [poisoned by a nagaraja (splash of poison)]
 27062 | Snake:4  | HP: 8/99 [poisoned by a nagaraja (splash of poison)]
 27238 | Snake:3  | Upgraded the game from 0.23-a0-650-ga4d50d4d25 to
                  | 0.23-a0-673-g3803c42f16
 27312 | Snake:4  | Reached XP level 18. HP: 104/104 MP: 30/30
 27320 | Snake:4  | Reached skill level 6 in Stealth
 27664 | Snake:4  | Got a serpentine rune of Zot
 28068 | Shoals:1 | Entered Level 1 of the Shoals
 28099 | Shoals:1 | Reached skill level 7 in Stealth
 28149 | Shoals:1 | Reached skill level 10 in Short Blades
 28467 | Shoals:1 | Reached skill level 16 in Invocations
 28873 | Shoals:2 | Noticed Polyphemus
 28892 | Shoals:2 | Killed Polyphemus
 29035 | Shoals:2 | Reached skill level 8 in Stealth
 29661 | Shoals:3 | Found a runed gate.
 29661 | Shoals:3 | Found a runed gate.
 29661 | Shoals:3 | Found a runed gate.
 29679 | Shoals:3 | Noticed Tosmoog's ghost (adept MiBe)
 29946 | Shoals:3 | Reached skill level 11 in Short Blades
 30204 | Shoals:4 | Entered Level 4 of the Shoals
 30254 | Shoals:4 | Reached XP level 19. HP: 83/109 MP: 28/32
 30351 | Shoals:4 | Reached skill level 9 in Stealth
 30789 | Shoals:4 | Identified the +5 scimitar of Papeschai {speed, rF+ rN+}
                  | (You found it on level 4 of the Shoals)
 30954 | Shoals:4 | Got a barnacled rune of Zot
 31561 | Vaults:1 | Entered Level 1 of the Vaults
 31690 | Vaults:1 | Reached skill level 10 in Stealth
 31693 | Vaults:1 | Identified the +0 pair of gloves "Loecyogh" {rC+} (You
                  | acquired it on level 1 of the Vaults)
 31749 | Vaults:1 | Reached skill level 12 in Short Blades
 32212 | Vaults:1 | Reached skill level 16 in Fighting
 32512 | Vaults:1 | Reached skill level 16 in Shields
 33041 | Vaults:2 | Reached XP level 20. HP: 114/114 MP: 33/33
 33249 | Vaults:2 | Reached skill level 11 in Stealth
 33283 | Vaults:2 | Identified a +2 robe of resistance
 33553 | Vaults:2 | Identified the +8 long sword of the Key {drain, *Contam
                  | +Inv Str+5} (You found it on level 2 of the Vaults)
 33659 | Vaults:2 | Reached skill level 13 in Short Blades
 33752 | Vaults:2 | Reached skill level 17 in Invocations
 33979 | Vaults:2 | Noticed a Brimstone Fiend
 34030 | Vaults:2 | Reached skill level 8 in Armour
 34448 | Orc:2    | Bought an uncursed ring of see invisible for 180 gold
                  | pieces
 35108 | Vaults:3 | Noticed Sojobo
 35133 | Vaults:3 | Killed Sojobo
 35201 | Vaults:3 | Found Gyjumu Ygha's Book Emporium.
 35228 | Vaults:3 | Noticed Mennas
 35372 | Vaults:3 | Killed Mennas
 35372 | Vaults:3 | Reached skill level 12 in Stealth
 35372 | Vaults:3 | Reached XP level 21. HP: 33/120 MP: 34/34
 35568 | Vaults:3 | Found a staircase to the Crypt.
 36324 | Vaults:4 | Found Arghunim's Assorted Antiques.
 36606 | Vaults:4 | Reached skill level 14 in Short Blades
 36976 | Vaults:5 | Entered Level 5 of the Vaults
 37230 | Depths:1 | Entered Level 1 of the Depths
 37387 | Depths:1 | Reached skill level 9 in Armour
 38496 | Depths:2 | Reached skill level 17 in Fighting
 38498 | Depths:2 | Reached skill level 17 in Shields
 38564 | Depths:2 | Noticed a caustic shrike
 38578 | Depths:2 | Noticed a juggernaut
 38600 | Depths:2 | Killed a caustic shrike
 38602 | Depths:2 | Killed a juggernaut
 38620 | Depths:2 | Reached XP level 22. HP: 50/126 MP: 12/35
 38827 | Depths:2 | Reached skill level 18 in Invocations
 38831 | Depths:2 | Noticed a juggernaut
 38837 | Depths:2 | Noticed a golden dragon
 38856 | Depths:2 | Killed a golden dragon
 38898 | Depths:2 | Killed a juggernaut
 39200 | D:12     | Bought a scroll of blinking for 97 gold pieces
 39388 | Depths:2 | Reached skill level 10 in Armour
 39919 | Depths:2 | Found a one-way gate to the infinite horrors of the Abyss.
 40453 | Depths:2 | Upgraded the game from 0.23-a0-673-g3803c42f16 to
                  | 0.23-a0-690-g0a1fc62c7c
 40665 | Depths:3 | Reached XP level 23. HP: 128/133 MP: 35/37
 40706 | Depths:3 | Reached skill level 11 in Armour
 40917 | Depths:3 | Reached skill level 1 in Dodging
 40936 | Depths:3 | Reached skill level 1 in Throwing
 40949 | Depths:3 | Paralysed by a floating eye for 2 turns
 40991 | Depths:3 | Reached skill level 18 in Shields
 40994 | Depths:3 | Reached skill level 18 in Fighting
 41082 | Depths:3 | Reached skill level 2 in Dodging
 41094 | Depths:3 | Reached skill level 2 in Throwing
 41104 | Depths:3 | Found a one-way gate leading to the halls of Pandemonium.
 41302 | Depths:3 | Noticed Margery
 41344 | Depths:3 | Killed Margery
 41444 | Depths:3 | Reached skill level 19 in Invocations
 41463 | Depths:3 | Found Kana's Gadget Boutique.
 41465 | Depths:3 | Found Bepakyum's Jewellery Emporium.
 41466 | Depths:3 | Found Ucho's Gadget Boutique.
 41479 | Depths:3 | Bought a wand of acid (2) for 180 gold pieces
 41479 | Depths:3 | Bought a wand of clouds (4) for 360 gold pieces
 41479 | Depths:3 | Bought a wand of acid (9) for 390 gold pieces
 41864 | Depths:3 | Reached skill level 3 in Throwing
 41998 | Depths:4 | Reached skill level 3 in Dodging
 42017 | Depths:4 | Reached skill level 1 in Evocations
 42339 | Depths:4 | Reached skill level 2 in Evocations
 42615 | Depths:4 | Reached skill level 3 in Evocations
 42679 | Depths:4 | Noticed an ancient lich
 42695 | Depths:4 | Killed an ancient lich
 42897 | Depths:4 | Reached XP level 24. HP: 139/139 MP: 37/37
 43106 | Depths:4 | Identified the cursed +0 chain mail "Tonkotzu" {rF+ Int+2}
                  | (You found it on level 4 of the Depths)
 43465 | Depths:5 | Entered Level 5 of the Depths
 43671 | Depths:5 | Reached skill level 12 in Armour
 43771 | Depths:5 | Found a gateway to a ziggurat.
 43833 | Depths:5 | Found Opsi's Armour Shoppe.
 43966 | Depths:5 | Noticed a juggernaut
 43975 | Depths:5 | Killed a juggernaut
 44524 | Depths:5 | Found a gate to the Realm of Zot.
 44587 | Depths:5 | Identified the amulet "Biraexam" {+Rage Str+5} (You found
                  | it on level 5 of the Depths)
 44944 | Depths:5 | Upgraded the game from 0.23-a0-690-g0a1fc62c7c to
                  | 0.23-a0-710-gaad00d04af
 45167 | Elf:1    | Entered Level 1 of the Elven Halls
 45211 | Elf:1    | Reached skill level 19 in Shields
 45247 | Elf:1    | Reached skill level 19 in Fighting
 45287 | Elf:1    | Reached skill level 20 in Invocations
 45508 | Elf:1    | Reached XP level 25. HP: 144/144 MP: 38/38
 45623 | Elf:1    | Found Mackaon's Jewellery Shoppe.
 45631 | Elf:1    | Bought the ring "Kujan" {rCorr rF++} for 623 gold pieces
 45892 | Elf:2    | Noticed Roxanne
 46043 | Elf:2    | Reached skill level 13 in Armour
 46292 | Elf:2    | Found a runed gate.
 46294 | Elf:2    | Found a runed gate.
 46295 | Elf:2    | Found a runed gate.
 46810 | Elf:2    | Killed Roxanne
 47264 | Elf:3    | Entered Level 3 of the Elven Halls
 47319 | Elf:3    | Gained mutation: Your system is resistant to poisons.
                  | (rPois) [a neqoxec]
 48076 | Elf:3    | Identified the ring "Lait" {rElec rF- Int+5 Slay+3 Stlth-}
 48297 | Elf:3    | Identified the +2 rapier of Action {protect, MR++ SInv}
 48297 | Elf:3    | Identified the ring of the Meadowlark {rElec rC+ MR+ EV+4}
 48308 | Elf:3    | Identified the ring of Ytenucw {rF+ rC+ Dex+2 SInv}
 48350 | Elf:3    | Identified the amulet of Enismele {*Slow +Rage Str+4 Slay+2
                  | SInv}
 48461 | Elf:3    | Identified the +3 hand axe "Poif" {pain, rPois Int+4
                  | Dex+10}
 48570 | Elf:3    | Found the +3 hat of Pondering {ponderous, MR+ MP+10 Int+5}
 48582 | Elf:3    | Identified Sif Muna's Guide on Dislocated Beguiling
 48616 | Elf:3    | Identified Yhuahi's Advanced Steps in Secret Knowledge
 49138 | Vaults:5 | Reached XP level 26. HP: 135/151 MP: 38/38
 49180 | Vaults:4 | Reached skill level 14 in Armour
 49184 | Vaults:4 | Learned a level 2 spell: Blink
 49188 | Vaults:4 | Learned a level 2 spell: Passwall
 49192 | Vaults:4 | Learned a level 3 spell: Regeneration
 49198 | Vaults:4 | Learned a level 5 spell: Aura of Abjuration
 49244 | Vaults:5 | Identified a +2 robe of resistance
 49244 | Vaults:5 | Noticed Boris
 49252 | Vaults:5 | Killed Boris
 49318 | Vaults:5 | Reached skill level 21 in Invocations
 49329 | Vaults:5 | Reached skill level 20 in Shields
 49400 | Vaults:5 | Noticed an ancient lich
 49425 | Vaults:5 | Identified the amulet "Buuff" {Harm *Drain Str+5} (You
                  | found it on level 5 of the Vaults)
 49454 | Vaults:5 | Reached skill level 20 in Fighting
 49564 | Vaults:5 | Identified the +6 spear of the Crypt {chaos, Int+4} (You
                  | found it on level 5 of the Vaults)
 49788 | Vaults:5 | Got a pair of dazzling gloves
 49789 | Vaults:5 | Identified the +0 pair of gloves of Freedom {rF+ rN+} (You
                  | found it on level 5 of the Vaults)
 49804 | Vaults:5 | Identified the Papyrus of the Tarantula
 50083 | Vaults:5 | Identified the ring "Ucloec" {*Contam MR+ AC+2 Dex+2
                  | Stlth+}
 50193 | Vaults:5 | Killed an ancient lich
 50715 | Vaults:5 | Got a silver rune of Zot
 51302 | Shoals:3 | Killed Tosmoog's ghost
 51307 | Shoals:3 | Identified the +4 spear of Pate {drain, MP+9 Str+5 Int-2
                  | Stlth+} (You found it on level 3 of the Shoals)
 51493 | Snake:3  | Killed Yvac's ghost
 51503 | Snake:3  | Upgraded the game from 0.23-a0-710-gaad00d04af to
                  | 0.25-a0-341-g6f074c887a
 51899 | Zot:1    | Entered Level 1 of the Realm of Zot
 52121 | Zot:1    | Identified the Catalogue of Mutagenic Self-Improvement
 52193 | Zot:1    | Reached XP level 27. HP: 158/158 MP: 38/38
 52472 | Zot:1    | Reached skill level 22 in Invocations
 52817 | Zot:2    | Noticed an electric golem
 52842 | Zot:2    | Killed an electric golem
 52876 | Zot:2    | Reached skill level 21 in Shields
 52886 | Zot:2    | Reached skill level 21 in Fighting
 53078 | Zot:2    | You fall into a shaft and drop 1 floor!
 53115 | Zot:3    | Noticed an electric golem
 53153 | Zot:3    | Killed an electric golem
 53255 | Zot:3    | Identified the amulet "Talinif" {Harm *Drain Int+3}
 53431 | Zot:3    | Noticed an orb of fire
 53439 | Zot:3    | Killed an orb of fire
 53627 | Zot:3    | HP: 6/160 [purple draconian/bolt of dispelling energy (15)]
 53629 | Zot:3    | Killed from afar by a quicksilver dragon

Vanquished Creatures
  An orb of fire (Zot:3)
  Mennas (Vaults:3)
  2 ancient liches
  3 juggernauts
  Boris (Vaults:5)
  Sojobo (Vaults:3)
  Margery (Depths:3)
  A caustic shrike (Depths:2)
  5 golden dragons
  2 electric golems
  17 tentacled monstrosities
  4 titans
  The ghost of Yvac the Brawler, an adept TrFi of Elyvilon (Snake:3)
  A deep elf master archer (Elf:3)
  4 deep elf blademasters
  3 quicksilver dragons
  The ghost of Tosmoog the Bludgeoner, an adept MiBe of Trog (Shoals:3)
  Polyphemus (Shoals:2)
  3 liches
  2 krakens
  7 sphinxes
  2 death cobs (Zot:3)
  Frances (D:14)
  Gastronok (Lair:1)
  Kirke (D:13)
  11 tengu reavers
  7 shadow dragons
  6 storm dragons
  6 draconian monks
  8 nagarajas
  Roxanne (Elf:2)
  12 deep elf sorcerers
  14 fire giants
  5 iron dragons
  10 vault wardens
  5 deep elf elementalists
  7 draconian knights
  9 frost giants
  4 draconian scorchers
  4 draconian shifters
  2 ghost moths
  2 draconian stormcallers (Zot:1)
  5 draconian annihilators
  A juggernaut zombie (Depths:1)
  3 spriggan defenders
  4 war gargoyles
  13 ironheart preservers
  31 stone giants
  5 vampire knights
  25 very ugly things
  A lorocyproca (Depths:3)
  5 deep elf demonologists
  Nessos (Lair:5)
  12 green draconians
  7 deep elf annihilators
  13 black draconians
  7 purple draconians
  Azrael (Snake:3)
  A minotaur (Gauntlet)
  8 red draconians
  7 white draconians
  11 yellow draconians
  13 spark wasps
  5 merfolk javelineers
  An eidolon (Vaults:3)
  14 ettins
  7 deep elf death magi
  6 merfolk impalers
  7 yaktaur captains
  12 great orbs of eyes
  12 fire dragons
  7 deep elf high priests
  Harold (D:7)
  A hell beast (Depths:2)
  5 rakshasas
  9 ice dragons
  7 hydras
  5 merfolk avatars
  15 naga warriors
  3 alligator snapping turtles
  Erica (Lair:2)
  27 vault guards
  2 catoblepae
  5 spriggan air magi
  A death knight (Vaults:4)
  6 centaur warriors
  5 death yaks
  9 anacondas
  8 merfolk aquamancers
  29 dancing weapons
  6 deep troll shamans
  50 two-headed ogres
  16 ogre magi
  5 tengu warriors
  7 deep troll earth magi
  3 vampire magi
  13 naga sharpshooters
  Urug (Lair:3)
  A sun demon (Lair:6)
  Sonja (Lair:4)
  4 soul eaters
  11 skeletal warriors
  9 shock serpents
  22 deep elf knights
  5 spriggan berserkers
  A spriggan (Depths:5)
  A spectral minotaur (Depths:4)
  2 salamander mystics
  3 iron trolls (Depths:2)
  4 sixfirhies
  3 glowing orange brains
  5 death drakes
  2 shadow wraiths
  6 sea snakes
  A death drake (shapeshifter) (Depths:2)
  9 hell knights
  A spectral anaconda (Depths:3)
  A spectral hydra (Depths:3)
  3 flayed ghosts
  An unseen horror (shapeshifter) (Depths:2)
  8 wizards
  12 deep elf archers
  16 ironbrand convokers
  7 unseen horrors
  An obsidian statue (Vaults:4)
  5 lindwurms
  40 deep trolls
  An orange crystal statue (Depths:4)
  6 phantasmal warriors
  10 naga ritualists
  14 harpies
  20 mana vipers
  61 deep elf magi
  A mana viper (shapeshifter) (Depths:3)
  14 orc knights
  9 salamanders
  7 necromancers
  2 orc sorcerers
  An oklob plant (Lair:6)
  4 wolf spiders
  7 cyclopes
  A wolf spider (shapeshifter) (Depths:3)
  6 fauns (Shoals:1)
  A faun (shapeshifter) (Vaults:5)
  30 ugly things
  14 manticores
  8 large abominations (Depths:5)
  6 elephants
  12 moths of wrath
  A moth of wrath (shapeshifter) (Depths:3)
  4 centaur zombies
  A guardian serpent (shapeshifter) (Depths:3)
  2 frost giant skeletons (Depths:1)
  40 black mambas
  6 water nymphs
  9 merfolk sirens
  10 vault sentinels
  An eye of devastation (shapeshifter) (Depths:5)
  29 naga magi
  5 guardian serpents
  11 spiny frogs
  Maurice (Orc:2)
  2 centaur skeletons
  3 orange demons (Lair:6)
  A smoke demon (Volcano)
  A yaktaur (shapeshifter) (Depths:2)
  A kobold demonologist (D:12)
  19 yaktaurs
  7 komodo dragons
  A komodo dragon (shapeshifter) (D:14)
  7 freezing wraiths
  3 rime drakes
  A spectral merfolk (Depths:4)
  2 hellwings
  A queen bee (Gauntlet)
  An ice devil (Lair:6)
  3 tengu conjurers
  12 wind drakes
  5 red devils
  2 harpy zombies (Shoals:2)
  A polar bear (Lair:2)
  26 trolls
  A polar bear (shapeshifter) (D:14)
  A hornet (shapeshifter) (D:14)
  6 hornets
  A merfolk (shapeshifter) (Depths:3)
  16 merfolk
  2 harpy skeletons
  An iron dragon simulacrum (Depths:1)
  12 hippogriffs
  2 raiju (Depths:4)
  18 slime creatures
  A blink frog (shapeshifter) (Vaults:5)
  2 meliai zombies
  11 dream sheep
  An ice dragon zombie (Depths:1)
  A stone giant simulacrum (Depths:1)
  8 snapping turtles
  A spriggan skeleton (Depths:1)
  A spriggan (shapeshifter) (Depths:3)
  13 shadows
  26 water elementals
  46 yaks
  5 air elementals
  Sigmund (D:3)
  11 wraiths
  3 wyverns
  6 vampires
  A hog (D:13)
  7 fire bats (Volcano)
  2 basilisks (D:14)
  A neqoxec (Depths:3)
  A yak (shapeshifter) (Vaults:4)
  13 humans (D:13)
  4 fire elementals
  4 vampire mosquitoes (D:13)
  2 acid dragons (D:14)
  39 nagas
  A soldier ant (shapeshifter) (Vaults:5)
  12 wargs
  2 hydra simulacra (Depths:4)
  23 water moccasins
  Edmund (D:5)
  2 spectral spriggans (Depths:4)
  15 hell hounds
  10 porcupines
  2 floating eyes
  A swamp drake (Depths:5)
  2 spectral trolls (Depths:4)
  5 sky beasts
  3 necrophages
  An eye of draining (shapeshifter) (Vaults:1)
  6 ice beasts
  32 orc warriors
  3 phantoms
  10 boggarts
  An ice dragon simulacrum (Depths:1)
  41 ogres
  8 wolves
  26 centaurs
  10 crocodiles
  3 big kobolds
  23 bullfrogs
  5 earth elementals
  3 hippogriff zombies (Shoals:2)
  4 small abominations (Depths:5)
  A merfolk simulacrum (Depths:4)
  3 spectral nagas (Depths:4)
  6 scorpions
  A spectral ogre (Depths:4)
  21 killer bees
  2 oklob saplings (D:9)
  16 wights
  A spectral centaur (Depths:4)
  6 howler monkeys
  2 electric eels
  9 lava snakes (Volcano)
  13 crimson imps
  2 bullfrog zombies
  7 hounds
  3 jellies
  22 orc priests
  5 bullfrog skeletons
  24 orc wizards
  An iron imp (Depths:3)
  8 iguanas
  14 worker ants
  A hound zombie (D:10)
  2 hound skeletons
  22 adders
  A howler monkey skeleton (D:5)
  3 gnolls (D:3)
  8 shadow imps
  3 white imps (Depths:3)
  An ufetubus (Depths:3)
  An adder zombie (D:6)
  4 adder skeletons
  2 worms
  2 dart slugs (D:3)
  3 leopard geckos
  114 orcs
  11 ball pythons
  3 bats
  A bat zombie (Shoals:2)
  4 giant cockroaches
  3 goblins
  8 hobgoblins
  3 jackals
  5 quokkas
  7 frilled lizards
  10 kobolds
  10 rats
  2 butterflies (Lair:6)
  9 tentacles
2240 creatures vanquished.

Vanquished Creatures (others)
  A deep elf master archer (Elf:3)
  A fire giant (Depths:4)
  2 stone giants
  A black draconian (Zot:1)
  A white draconian (Zot:1)
  2 yaktaur captains
  A centaur warrior (Depths:2)
  A merfolk aquamancer (Shoals:4)
  4 naga sharpshooters
  A deep elf knight (Elf:2)
  2 cyclopes
  A manticore (Shoals:2)
  A faun (Shoals:1)
  6 yaktaurs
  A wraith (D:14)
  An orc warrior (Vaults:4)
  A sky beast (D:14)
  3 ogres
  A boggart (Vaults:3)
  4 centaurs
  A wight (Depths:4)
  An orc (D:9)
  16 fungi
  33 plants
  6 tentacles
93 creatures vanquished.

Grand Total: 2333 creatures vanquished

Table legend:
 A = Turns spent in this place as a percentage of turns spent in the entire game.
 B = Non-inter-level travel turns spent in this place as a percentage of non-inter-level travel turns spent in the entire game.
 C = Inter-level travel turns spent in this place as a percentage of turns spent in this place.
 D = Turns resting spent in this place as a percentage of non-inter-level travel turns spent in this place.
 E = Turns spent auto-exploring this place as a percentage of non-inter-level travel turns spent in this place.
 F = Non-inter-level travel turns spent in this place divided by the number of levels of this place that you've seen.
                   A       B       C       D       E      F
               +-------+-------+-------+-------+-------+----------------------
         Total | 100.0 | 100.0 |  10.6 |   5.5 |  59.7 | 958.9
       Dungeon |  27.3 |  26.4 |  13.6 |   4.3 |  69.9 | 842.3
        Temple |   0.7 |   0.7 |   9.5 |   0.0 |  97.2 | 353.0
          Lair |  13.5 |  13.4 |  11.7 |  12.9 |  62.4 | 1068.7
        Shoals |   6.4 |   6.6 |   7.8 |   4.4 |  53.8 | 786.8
     Snake Pit |   7.9 |   7.7 |  12.8 |   2.3 |  64.1 | 920.2
  Orcish Mines |   3.9 |   3.8 |  13.3 |   2.0 |  54.6 | 911.5
   Elven Halls |   6.7 |   6.7 |  10.0 |   1.5 |  55.4 | 1077.0
        Vaults |  14.0 |  13.9 |  11.2 |   4.8 |  55.7 | 1333.4
        Depths |  14.4 |  15.0 |   6.7 |   5.9 |  50.5 | 1440.6
           Zot |   3.2 |   3.6 |   0.3 |   0.0 |  53.9 | 574.7
       Volcano |   1.1 |   1.3 |   0.0 |  24.7 |  23.5 | 608.0
      Gauntlet |   0.9 |   1.0 |   0.0 |   7.0 |  44.1 | 460.0
               +-------+-------+-------+-------+-------+----------------------

Table legend:
 A = Non-vault XP
 B = Vault XP
 C = Vault XP percentage of total XP
 D = Non-vault monster count
 E = Vault monster count
 F = Vault count percentage of total count
                 A         B        C        D         E       F
            +---------+---------+-------+---------+---------+-------
      Total |  663627 |  769997 |  53.7 |    1291 |     970 |  42.9
            +---------+---------+-------+---------+---------+-------
        D:1 |      13 |       6 |  31.6 |      11 |       4 |  26.7
        D:2 |      34 |       0 |   0.0 |      12 |       0 |   0.0
        D:3 |     198 |     232 |  54.0 |      33 |       3 |   8.3
        D:4 |     116 |       0 |   0.0 |      12 |       0 |   0.0
        D:5 |     114 |     149 |  56.7 |      11 |       1 |   8.3
        D:6 |     544 |       0 |   0.0 |      14 |       0 |   0.0
        D:7 |    1075 |    1013 |  48.5 |      23 |       1 |   4.2
        D:8 |    1017 |     300 |  22.8 |      25 |       3 |  10.7
        D:9 |    3496 |    1441 |  29.2 |      26 |      28 |  51.9
       D:10 |    2400 |    2856 |  54.3 |      34 |      19 |  35.8
       D:11 |    3487 |       0 |   0.0 |      44 |       0 |   0.0
       D:12 |    5890 |       0 |   0.0 |      30 |       0 |   0.0
       D:13 |   11701 |    5410 |  31.6 |      42 |      14 |  25.0
       D:14 |    8537 |    8390 |  49.6 |      42 |      23 |  35.4
       D:15 |    6282 |    2379 |  27.5 |      15 |       4 |  21.1
     Lair:1 |    2544 |    5773 |  69.4 |       7 |      17 |  70.8
     Lair:2 |    1475 |    1288 |  46.6 |       7 |       4 |  36.4
     Lair:3 |    6940 |     991 |  12.5 |      34 |       3 |   8.1
     Lair:4 |    4918 |    2428 |  33.1 |      16 |      11 |  40.7
     Lair:5 |    4685 |    2562 |  35.4 |      12 |       7 |  36.8
     Lair:6 |    8805 |    9650 |  52.3 |      23 |      26 |  53.1
   Shoals:1 |   16147 |       0 |   0.0 |      31 |       0 |   0.0
   Shoals:2 |    9961 |    8759 |  46.8 |      23 |      17 |  42.5
   Shoals:3 |   11629 |    2480 |  17.6 |      22 |       1 |   4.3
   Shoals:4 |    6507 |   27955 |  81.1 |      12 |      45 |  78.9
    Snake:1 |   10897 |     887 |   7.5 |      20 |       2 |   9.1
    Snake:2 |   18459 |       0 |   0.0 |      37 |       0 |   0.0
    Snake:3 |   25573 |    5792 |  18.5 |      42 |      10 |  19.2
    Snake:4 |   28372 |   32330 |  53.3 |      51 |      46 |  47.4
      Orc:1 |    1399 |       0 |   0.0 |      21 |       0 |   0.0
      Orc:2 |    4231 |   15875 |  79.0 |      54 |      38 |  41.3
      Elf:1 |   23428 |    6323 |  21.3 |      37 |       9 |  19.6
      Elf:2 |   19295 |   28581 |  59.7 |      35 |      33 |  48.5
      Elf:3 |   14590 |   48947 |  77.0 |      27 |      31 |  53.4
   Vaults:1 |   15480 |   30113 |  66.0 |      33 |      43 |  56.6
   Vaults:2 |   42253 |   26373 |  38.4 |      66 |      51 |  43.6
   Vaults:3 |   10400 |   26607 |  71.9 |      29 |      23 |  44.2
   Vaults:4 |   12231 |   49291 |  80.1 |      13 |      52 |  80.0
   Vaults:5 |   16002 |  107121 |  87.0 |      21 |      69 |  76.7
   Depths:1 |   41147 |     648 |   1.6 |      47 |       2 |   4.1
   Depths:2 |   35753 |   55116 |  60.7 |      36 |      34 |  48.6
   Depths:3 |   25520 |   90511 |  78.0 |      27 |      86 |  76.1
   Depths:4 |    1698 |   78433 |  97.9 |       1 |     108 |  99.1
   Depths:5 |   51305 |   32328 |  38.7 |      45 |      42 |  48.3
      Zot:1 |   57973 |       0 |   0.0 |      39 |       0 |   0.0
      Zot:2 |   27610 |       0 |   0.0 |      16 |       0 |   0.0
      Zot:3 |   61496 |   41129 |  40.1 |      33 |      23 |  41.1
    Volcano |       0 |    4102 | 100.0 |       0 |      21 | 100.0
   Gauntlet |       0 |    5428 | 100.0 |       0 |      16 | 100.0
            +---------+---------+-------+---------+---------+-------
